 Dungeon Crawl Stone Soup version 0.21.0-30-g47ce8e4 (webtiles) character file.

309016 piemaster the Executioner (level 20, -6/170 HPs)
             Began as a Minotaur Berserker on Jan 28, 2018.
             Was the Champion of Trog.
             Killed from afar by a lich (38 damage)
             ... with a bolt of cold
             ... on level 5 of the Vaults.
             The game lasted 02:30:35 (36503 turns).

piemaster the Executioner (Minotaur Berserker)     Turns: 36503, Time: 02:30:37

Health: -6/170     AC: 27    Str: 39    XL:     20   Next: 36%
Magic:  19/19      EV: 22    Int:  4    God:    Trog [******]
Gold:   1747       SH:  5    Dex: 17    Spells: 19/19 levels left

rFire    . . .     SeeInvis +   a - +3 executioner's axe "Xuuh" {flame, rElec MR+ SInv}
rCold    . . .     Gourm    .   (shield currently unavailable)
rNeg     . . .     Faith    .   B - +1 chain mail "Wyowkoc" {*Contam MR++ Regen+ Str+2}
rPois    .         Spirit   .   (helmet restricted)
rElec    +         Reflect  +   K - +2 cloak
rCorr    .         Harm     .   I - +2 pair of gloves
MR       +++++                  P - +2 pair of boots {run}
Stlth    ..........             u - +5 amulet of reflection
HPRegen  1.18/turn              z - ring of protection from fire
MPRegen  0.16/turn              Z - ring "Forget-Me-Not" {+Blink rF- MR+ Str+9 Dex+4}

@: about to teleport, berserk cooldown, slowed, very slow
A: retaliatory headbutt, horns 2, see invisible, frail 1, regeneration 1
}: 2/15 runes: decaying, gossamer
a: Berserk, Trog's Hand, Brothers in Arms, Burn Spellbooks, Renounce Religion,
Evoke Blink


You were on level 5 of the Vaults.
You worshipped Trog.
Trog was exalted by your worship.
You were hungry.

You visited 6 branches of the dungeon, and saw 36 of its levels.

You collected 2639 gold pieces.
You spent 892 gold pieces at shops.

Inventory:

Hand Weapons
 a - the +3 executioner's axe "Xuuh" (weapon) {flame, rElec MR+ SInv}
   (Trog gifted it to you on level 13 of the Dungeon)

   It has been specially enchanted to burn those struck by it, causing extra
   injury to most foes and up to half again as much damage against particularly
   susceptible opponents.
   Big, fiery blades are also staple armaments of hydra-hunters.
   It insulates you from electricity.
   It affects your resistance to hostile enchantments.
   It lets you see invisible.
 b - the +9 fustibalus of Kyurri {freeze, rPois}
   (Trog gifted it to you on level 4 of the Lair of Beasts)

   It causes projectiles fired from it to freeze those they strike, causing
   extra injury to most foes and up to half again as much damage against
   particularly susceptible opponents.
   They can also slow down cold-blooded creatures.
   It protects you from poison.
 y - a +4 antimagic battleaxe
 T - a +5 war axe of chopping
Missiles
 U - 171 sling bullets (quivered)
Armour
 n - the +1 plate armour of Ebadu {rF+ SInv}
   (You found it on level 12 of the Dungeon)

   It protects you from fire.
   It lets you see invisible.
 B - the +1 chain mail "Wyowkoc" (worn) {*Contam MR++ Regen+ Str+2}
   (You found it on level 10 of the Dungeon)

   It affects your strength (+2).
   It affects your resistance to hostile enchantments.
   It causes magical contamination when unequipped.
   It increases your rate of regeneration.
 I - a +2 pair of gloves (worn)
 K - a +2 cloak (worn)
 P - a +2 pair of boots of running (worn)
 W - +0 fire dragon scales
 X - a +0 shield of reflection
Jewellery
 i - a +3 amulet of reflection
 k - a +6 ring of evasion
 p - an uncursed ring of poison resistance
 u - a +5 amulet of reflection (around neck)
 z - a ring of protection from fire (left hand)
 F - an uncursed amulet of harm
 H - an uncursed ring of resist corrosion
 Z - the ring "Forget-Me-Not" (right hand) {+Blink rF- MR+ Str+9 Dex+4}
   (You bought it in a shop on level 13 of the Dungeon)

   [ring of protection from magic]

   It affects your strength (+9).
   It affects your dexterity (+4).
   It makes you vulnerable to fire.
   It affects your resistance to hostile enchantments.
   It lets you blink.
Wands
 s - a wand of polymorph (40)
 t - a wand of flame (39)
 v - a wand of iceblast (27)
 C - a wand of clouds (2)
 O - a wand of digging (18)
Scrolls
 d - 2 scrolls of summoning
 f - 4 scrolls of teleportation
 m - 7 scrolls of enchant weapon
 r - 18 scrolls of identify
 w - 16 scrolls of remove curse
 A - 6 scrolls of fear
 G - 3 scrolls of silence
 L - 5 scrolls of fog
 M - 3 scrolls of holy word
 Q - 3 scrolls of enchant armour
Potions
 e - 2 potions of invisibility
 g - 9 potions of curing
 h - 4 potions of brilliance
 j - 4 potions of resistance
 l - 4 potions of agility
 o - 5 potions of magic
 q - 8 potions of heal wounds
 x - a potion of berserk rage
 D - 5 potions of might
 E - 4 potions of flight
 J - a potion of cancellation
 S - 3 potions of haste
Miscellaneous
 R - a box of beasts
 V - a phantom mirror
Comestibles
 c - 44 rations
 N - 6 chunks of flesh


   Skills:
 + Level 18.8 Fighting
 * Level 24.7 Axes
 + Level 11.1 Slings
 + Level 18.6 Armour
 + Level 17.3 Dodging


You had 19 spell levels left.
You didn't know any spells.

Dungeon Overview and Level Annotations

Branches:
Dungeon (15/15)            Temple (0/1) D:7            Lair (6/6) D:9
  Swamp (4/4) Lair:4       Spider (4/4) Lair:2        Slime (2/5) Lair:5
    Orc (0/2) D:9          Vaults (5/5) D:13          Crypt (0/3) Vaults:3
 Depths (0/5) D:15

Altars:
Ashenzari
Cheibriados
Dithmenos
Fedhas
Hepliaklqana
Okawaru
Qazlal
Ru
Trog
Uskayaw
Vehumet
Xom
Yredelemnul
The Shining One

Shops:
D:5 =[*[   D:6 :   D:13 =   Vaults:4 ?

Annotations:
Lair:4 exclusion: 3 oklob plants
Spider:4 exclusion: Roxanne, Roxanne


Innate Abilities, Weirdness & Mutations

You reflexively headbutt those who attack you in melee.
You have a pair of horns on your head.
You have supernaturally acute eyesight. (SInv)
You are frail. (-10% HP)
Your natural rate of healing is unusually fast.


Message History

The iron shot hits you!
Ouch! That really hurt!
* * * LOW HITPOINT WARNING * * *
The vault sentinel completely misses you.
You furiously retaliate!
You headbutt the vault sentinel!!
The lich mumbles some strange words.
The lich flickers and vanishes for a moment.
The ogre mage mumbles some strange words.
The ogre mage blinks!
The Hell Sentinel gestures at you.
The sphere of damnation explodes!
The damnation engulfs you!
* * * LOW HITPOINT WARNING * * *
The damnation engulfs the vault sentinel.
The vault sentinel dies!
You hear a shout!
You feel much better. The lich casts a spell at you.
The bolt of cold hits the Hell Sentinel.
The Hell Sentinel completely resists.
The bolt of cold hits you!
You die...

#### #..O ..
##1.O ... #..L
##.## ##..#
.....
##...#......
#...##..|?(.
#..##§1##).([??[
#....OL1@).!%φ%(
#..##..##).:)?$)
#. #... #..()!.
# ##... ......
##..# ..... ...
##.## #... ...
#... .. .... ...


You could see a Hell Sentinel, a Brimstone Fiend, a lich (invisible) and a
two-headed ogre.

Vanquished Creatures
  Bai Suzhen (Spider:3)
  Nikola (Spider:3)
  Jorgrun (Swamp:2)
  Rupert (D:12)
  A lich (Vaults:4)
  A quicksilver dragon (Vaults:5)
  2 acid blobs (Slime:1)
  6 sphinxes
  A thorn hunter (Swamp:3)
  Kirke (D:15)
  Donald (Swamp:4)
  A frost giant (shapeshifter) (Vaults:3)
  An iron dragon (Vaults:5)
  2 frost giants
  4 ghost moths
  10 vault wardens
  7 emperor scorpions
  8 ironheart preservers
  3 entropy weavers
  3 stone giants
  A deep elf annihilator (Vaults:3)
  The ghost of qeurul the Grappler, a journeyman TrFi (D:11)
  2 spark wasps (Spider:4)
  3 ettins
  4 fire dragons
  A deep elf death mage (Vaults:4)
  An eidolon (Vaults:3)
  Josephine (D:15)
  A crystal guardian (Vaults:3)
  2 green deaths (Swamp:4)
  7 yaktaur captains
  5 great orbs of eyes
  A jiangshi (Vaults:3)
  Harold (Lair:2)
  18 hydras
  2 catoblepae
  A ghost crab (Swamp:3)
  6 vault guards
  The ghost of resurtm2 the Fighter, a novice MiFi of Trog (D:9)
  3 death knights
  9 centaur warriors
  28 two-headed ogres
  Urug (D:12)
  8 ogre magi
  7 alligators
  2 thrashing horrors (Swamp:4)
  7 deep elf knights
  Sonja (D:12)
  5 skeletal warriors
  The ghost of Karim the Destroyer, a novice GnCj of Kikubaaqudgha (D:7)
  A spriggan druid (Swamp:4)
  A deep troll (Vaults:5)
  A flayed ghost (Vaults:3)
  An unseen horror (D:14)
  2 shadow wraiths
  5 deep elf archers
  A lindwurm (shapeshifter) (Vaults:5)
  3 shambling mangroves
  2 glowing orange brains
  14 ironbrand convokers
  9 swamp dragons
  2 lindwurms
  2 phantasmal warriors
  11 harpies
  10 orc knights
  8 deep elf magi
  Pikel (D:5)
  16 orb spiders
  3 necromancers
  A wolf spider zombie (D:13)
  2 orc sorcerers
  A manticore (D:13)
  A frost giant zombie (Vaults:3)
  43 wolf spiders
  8 cyclopes
  A shining eye (Slime:1)
  47 slime creatures
  41 ugly things
  4 moths of wrath
  5 elephants (Lair:6)
  A guardian serpent (shapeshifter) (Vaults:2)
  3 black mambas
  11 vault sentinels
  4 gargoyles
  4 orange demons (Swamp:4)
  7 torpor snails
  16 spiny frogs
  A rime drake (Lair:6)
  A yaktaur zombie (Vaults:3)
  27 yaktaurs
  A redback zombie (D:14)
  An efreet (D:14)
  A rime drake (shapeshifter) (D:13)
  The ghost of Mimshu the Cudgeler, a novice GrBe of Trog (D:4)
  5 freezing wraiths
  5 komodo dragons
  14 demonic crawlers
  2 queen bees (shapeshifter)
  38 jumping spiders
  3 trolls
  2 polar bears (Lair:5)
  10 tyrant leeches
  A queen bee (D:10)
  A polar bear (shapeshifter) (Vaults:3)
  A tengu simulacrum (Vaults:2)
  Grinder (D:5)
  2 large abominations (Swamp:4)
  32 hornets
  An ettin zombie (Vaults:2)
  15 blink frogs
  2 fire giant simulacra
  13 hippogriffs
  7 bog bodies
  2 human simulacra (Vaults:3)
  75 redbacks
  5 shadows
  8 wraiths
  3 water elementals (D:12)
  2 wyverns
  Sigmund (D:3)
  28 tarantellas
  A tarantella (shapeshifter) (Vaults:2)
  6 spriggans
  4 basilisks
  A hungry ghost (D:11)
  28 yaks
  A hog (shapeshifter) (Vaults:3)
  13 vampire mosquitoes
  3 hogs
  20 swamp worms
  25 insubstantial wisps
  4 wargs
  An acid dragon (Vaults:2)
  3 soldier ants (shapeshifter)
  12 water moccasins
  2 soldier ants
  A floating eye (shapeshifter) (D:13)
  6 swamp drakes
  2 porcupines
  10 orc warriors
  3 ice beasts
  An eye of draining (D:13)
  5 sky beasts
  2 slaves (D:5)
  2 black bears (D:8)
  An eye of draining (shapeshifter) (Vaults:3)
  4 phantoms
  A necrophage (D:11)
  20 ogres
  An orc zombie (Vaults:2)
  A human zombie (Vaults:2)
  10 boggarts (Vaults:2)
  31 centaurs
  10 crocodiles
  2 big kobolds
  10 bullfrogs
  A glowing shapeshifter simulacrum (Vaults:2)
  A wyvern skeleton (D:9)
  4 scorpions
  33 killer bees
  6 wights
  A howler monkey (D:5)
  7 electric eels
  6 bullfrog zombies
  7 crimson imps
  A centaur zombie (D:5)
  4 jellies
  8 hounds
  5 orc priests
  8 centaur skeletons
  Jessica (D:3)
  A bullfrog skeleton (D:12)
  Ijyb (D:5)
  4 iguanas
  7 worker ants
  14 orc wizards
  A killer bee zombie (D:9)
  A hound skeleton (D:9)
  2 howler monkey zombies
  2 worker ant zombies
  14 adders
  A gnoll (D:3)
  7 shadow imps
  An adder skeleton (D:5)
  2 adder zombies
  3 worms
  3 dart slugs
  6 leopard geckos
  44 orcs
  A ball python (D:2)
  3 giant cockroaches
  12 goblins
  11 hobgoblins
  10 jackals
  19 kobolds
  2 quokkas
  10 bats
  7 frilled lizards
  A leopard gecko skeleton (D:6)
  A quokka zombie (D:6)
  10 rats
  3 fungi
  4 plants
  A withered plant (D:14)
1341 creatures vanquished.

Vanquished Creatures (others)
  A yaktaur captain (Vaults:2)
  A frost giant zombie (Vaults:2)
  A vault sentinel (Vaults:5)
  3 humans (D:15)
  A crocodile (D:15)
  An orc (D:12)
  2 fungi
  3 plants
13 creatures vanquished.

Grand Total: 1354 creatures vanquished

Notes
Turn   | Place    | Note
-------+----------+-------------------------------------------
     0 | D:1      | piemaster the Minotaur Berserker began the quest for the Orb.
     0 | D:1      | Reached XP level 1. HP: 19/19 MP: 0/0
   122 | D:1      | Reached XP level 2. HP: 27/27 MP: 1/1
   138 | D:1      | Reached skill level 4 in Axes
   238 | D:1      | Reached ** piety under Trog
   239 | D:1      | Reached XP level 3. HP: 31/33 MP: 2/2
   766 | D:2      | Found a blossoming altar of Fedhas.
   819 | D:2      | Reached XP level 4. HP: 38/40 MP: 3/3
   904 | D:2      | Noticed a phantom
   923 | D:2      | Killed a phantom
   923 | D:2      | Reached skill level 5 in Axes
   923 | D:2      | Reached XP level 5. HP: 26/47 MP: 4/4
  1200 | D:2      | Found a glowing golden altar of the Shining One.
  1506 | D:3      | Noticed Sigmund
  1515 | D:3      | Killed Sigmund
  1515 | D:3      | Reached *** piety under Trog
  1515 | D:3      | Reached skill level 5 in Fighting
  1515 | D:3      | Reached skill level 6 in Axes
  1515 | D:3      | Reached XP level 6. HP: 56/56 MP: 5/5
  1694 | D:3      | Noticed Jessica
  1699 | D:3      | Killed Jessica
  1842 | D:3      | Found a shattered altar of Ashenzari.
  1842 | D:3      | Found a sacrificial altar of Ru.
  2524 | D:4      | Noticed Mimshu's ghost (novice GrBe)
  2537 | D:4      | Killed Mimshu's ghost
  2537 | D:4      | Reached skill level 7 in Axes
  2537 | D:4      | Reached skill level 5 in Armour
  2537 | D:4      | Reached XP level 7. HP: 62/62 MP: 6/6
  2605 | D:4      | Found a radiant altar of Vehumet.
  3063 | D:5      | Entered Level 5 of the Dungeon
  3448 | D:5      | Found Beanow's Jewellery Boutique.
  3519 | D:5      | Reached **** piety under Trog
  3523 | D:5      | Reached skill level 8 in Axes
  3523 | D:5      | Reached skill level 5 in Dodging
  3523 | D:5      | Reached XP level 8. HP: 56/70 MP: 7/7
  3707 | D:5      | Noticed Ijyb
  3709 | D:5      | Noticed Grinder
  3719 | D:5      | Killed Ijyb
  3721 | D:5      | Killed Grinder
  4067 | D:5      | Found Gumyogh's General Store.
  4069 | D:5      | Noticed Pikel
  4086 | D:5      | Killed Pikel
  4086 | D:5      | Reached skill level 9 in Axes
  4107 | D:5      | Bought a potion of heal wounds for 55 gold pieces
  4110 | D:5      | Gained mutation: Your body sometimes deteriorates upon taking damage. [potion of mutation]
  4110 | D:5      | Gained mutation: You are partially covered in slimy green scales. (AC +2) [potion of mutation]
  4110 | D:5      | Gained mutation: Your spells are a little harder to cast, but a little more powerful. [potion of mutation]
  4160 | D:5      | Found Kyzonoi's Armour Shop.
  4294 | D:5      | Reached XP level 9. HP: 65/79 MP: 8/8
  4318 | D:5      | Found Beomek's Antique Armour Shoppe.
  4323 | D:5      | Bought a shiny scale mail for 126 gold pieces
  4393 | D:5      | Noticed a two-headed ogre
  4402 | D:5      | Killed a two-headed ogre
  4402 | D:5      | Reached skill level 10 in Axes
  4933 | D:6      | Found Hawouw's Book Boutique.
  4985 | D:6      | Reached skill level 11 in Axes
  5293 | D:7      | Reached ***** piety under Trog
  5392 | D:7      | Noticed Karim's ghost (novice GnCj)
  5408 | D:7      | Killed Karim's ghost
  5408 | D:7      | Reached XP level 10. HP: 90/90 MP: 9/9
  5799 | D:7      | Found a staircase to the Ecumenical Temple.
  5952 | D:7      | Found a shadowy altar of Dithmenos.
  6117 | D:8      | Noticed a two-headed ogre
  6124 | D:8      | Killed a two-headed ogre
  6328 | D:8      | Reached skill level 12 in Axes
  6867 | D:8      | Found a bloodstained altar of Trog.
  6898 | D:8      | Received a gift from Trog
  6911 | D:8      | Noticed a hand axe
  6915 | D:8      | Found a hide-covered altar of Uskayaw.
  6915 | D:8      | Noticed a dagger
  7046 | D:9      | Noticed resurtm2's ghost (novice MiFi)
  7059 | D:9      | Killed resurtm2's ghost
  7164 | D:9      | Found a staircase to the Orcish Mines.
  7226 | D:9      | Found a staircase to the Lair.
  7406 | D:9      | Found a stormy altar of Qazlal.
  7465 | D:9      | Noticed a two-headed ogre
  7473 | D:9      | Killed a two-headed ogre
  7473 | D:9      | Reached skill level 13 in Axes
  7473 | D:9      | Reached XP level 11. HP: 99/99 MP: 3/10
  7637 | D:9      | Found a snail-covered altar of Cheibriados.
  7638 | D:9      | Lost mutation: You are partially covered in slimy green scales. (AC +2) [potion of mutation]
  7638 | D:9      | Lost mutation: Your body sometimes deteriorates upon taking damage. [potion of mutation]
  7638 | D:9      | Lost mutation: Your spells are a little harder to cast, but a little more powerful. [potion of mutation]
  7638 | D:9      | Gained mutation: Your natural rate of healing is unusually fast. [potion of mutation]
  7638 | D:9      | Gained mutation: You have supernaturally acute eyesight. (SInv) [potion of mutation]
  7940 | D:9      | Reached skill level 10 in Fighting
  7952 | D:9      | Found a hazy altar of Hepliaklqana.
  8100 | D:10     | Entered Level 10 of the Dungeon
  8306 | D:10     | Got a heavily runed chain mail
  8317 | D:10     | Identified the +1 chain mail "Wyowkoc" {*Contam MR++ Regen+ Str+2} (You found it on level 10 of the Dungeon)
  8429 | D:10     | Noticed a two-headed ogre
  8437 | D:10     | Killed a two-headed ogre
  8437 | D:10     | Reached skill level 10 in Armour
  8796 | D:10     | Received a gift from Trog
  8979 | D:10     | Reached skill level 14 in Axes
  9230 | D:11     | Noticed qeurul's ghost (journeyman TrFi)
  9244 | D:11     | Killed qeurul's ghost
  9301 | D:11     | Noticed a two-headed ogre
  9321 | D:11     | Killed a two-headed ogre
  9421 | D:11     | Found a shimmering altar of Xom.
  9431 | D:11     | Found a shimmering altar of Xom.
  9618 | D:11     | Reached XP level 12. HP: 105/110 MP: 3/11
  9684 | D:11     | Found a shimmering altar of Xom.
 10015 | D:12     | Noticed Urug
 10051 | D:12     | Killed Urug
 10051 | D:12     | Reached skill level 10 in Dodging
 10178 | D:12     | Got a pitted plate armour
 10189 | D:12     | Identified the cursed +1 plate armour of Ebadu {rF+ SInv} (You found it on level 12 of the Dungeon)
 10222 | D:12     | Noticed Sonja
 10389 | D:12     | Killed Sonja
 10452 | D:12     | Reached ****** piety under Trog
 10457 | D:12     | Noticed a two-headed ogre
 10464 | D:12     | Killed a two-headed ogre
 10464 | D:12     | Reached skill level 15 in Axes
 10661 | D:12     | Noticed a two-headed ogre
 10666 | D:12     | Killed a two-headed ogre
 10811 | D:12     | Noticed a two-headed ogre
 10816 | D:12     | Killed a two-headed ogre
 10884 | D:12     | Noticed Rupert
 10897 | D:12     | Killed Rupert
 11580 | D:13     | Reached skill level 16 in Axes
 11608 | D:13     | Received a gift from Trog
 11609 | D:13     | Got a slimy executioner's axe {god gift}
 11610 | D:13     | Identified the +3 executioner's axe "Xuuh" {flame, rElec MR+ SInv} (Trog gifted it to you on level 13 of the Dungeon)
 11736 | D:13     | Noticed a centaur warrior
 11746 | D:13     | Killed a centaur warrior
 11750 | D:13     | Reached XP level 13. HP: 118/118 MP: 12/12
 11871 | D:13     | Found a labyrinth entrance.
 12108 | D:13     | Found Turhich's Jewellery Boutique.
 12261 | D:13     | Got a jewelled buckler
 12268 | D:13     | Identified the cursed +0 buckler of Duck's Teeth {rF+ Slay+2} (You found it on level 13 of the Dungeon)
 12451 | D:13     | Found a gate to the Vaults.
 12799 | D:14     | Found a basalt altar of Yredelemnul.
 13026 | D:14     | Reached skill level 17 in Axes
 13079 | D:14     | Received a gift from Trog
 13343 | D:15     | Entered Level 15 of the Dungeon
 13345 | D:15     | Noticed Kirke
 13357 | D:15     | Killed Kirke
 13465 | D:15     | Noticed Josephine
 13474 | D:15     | Killed Josephine
 13581 | D:15     | Reached XP level 14. HP: 111/129 MP: 13/13
 13829 | D:15     | Found an iron altar of Okawaru.
 13835 | D:15     | Received a gift from Trog
 13846 | D:15     | Reached skill level 18 in Axes
 14269 | D:15     | Found a staircase to the Depths.
 14462 | Lair:1   | Entered Level 1 of the Lair of Beasts
 15345 | Lair:2   | Noticed Harold
 15360 | Lair:2   | Killed Harold
 15476 | Lair:2   | Found a hole to the Spider Nest.
 17153 | Lair:4   | Found a staircase to the Swamp.
 17157 | Lair:4   | Received a gift from Trog
 17167 | Lair:4   | Got a warped fustibalus {god gift}
 17168 | Lair:4   | Identified the +9 fustibalus of Kyurri {freeze, rPois} (Trog gifted it to you on level 4 of the Lair of Beasts)
 17780 | Lair:5   | Found a staircase to the Slime Pits.
 17786 | Lair:5   | Reached skill level 19 in Axes
 18360 | Lair:6   | Entered Level 6 of the Lair of Beasts
 18524 | Lair:6   | Reached XP level 15. HP: 125/139 MP: 14/14
 18766 | Lair:6   | Received a gift from Trog
 19046 | Lair:6   | Found a runed door.
 19214 | Lair:6   | Paralysed by a hornet for 2 turns
 19218 | Lair:6   | Paralysed by a hornet for 3 turns
 19820 | D:13     | Bought the ring "Forget-Me-Not" {+Blink rF- MR+ Str+9 Dex+4} for 711 gold pieces
 20053 | Spider:1 | Entered Level 1 of the Spider Nest
 20468 | Spider:1 | Reached skill level 15 in Fighting
 20645 | Spider:1 | Reached skill level 20 in Axes
 20654 | Spider:1 | Received a gift from Trog
 20752 | Spider:1 | Reached skill level 15 in Armour
 21261 | Spider:2 | Noticed a ghost moth
 21266 | Spider:1 | Killed a ghost moth
 21355 | Spider:2 | Reached XP level 16. HP: 132/149 MP: 15/15
 21374 | Spider:1 | Received a gift from Trog
 22034 | Lair:3   | Identified a +2 pair of boots of running (You found it on level 3 of the Lair of Beasts)
 22425 | Spider:4 | Entered Level 4 of the Spider Nest
 22446 | Spider:4 | Noticed Bai Suzhen
 22487 | Spider:3 | Killed Bai Suzhen
 22487 | Spider:3 | Reached skill level 1 in Slings
 22847 | Spider:3 | Reached skill level 21 in Axes
 23095 | Spider:3 | Noticed Nikola
 23103 | Spider:3 | Killed Nikola
 23154 | Spider:3 | Received a gift from Trog
 23192 | Spider:3 | Got a scorched ring mail
 23193 | Spider:3 | Identified the +6 ring mail of Virtue {SInv} (You found it on level 3 of the Spider Nest)
 23936 | Spider:4 | Noticed Roxanne
 23979 | Spider:4 | Noticed Mara
 24377 | Spider:4 | Reached XP level 17. HP: 80/158 MP: 0/16
 24379 | Spider:4 | Received a gift from Trog
 24698 | Spider:4 | Got a gossamer rune of Zot
 24734 | Spider:4 | Reached skill level 15 in Dodging
 24737 | Spider:4 | Received a gift from Trog
 24917 | Spider:4 | Noticed piemaster's illusion
 25120 | Slime:1  | Entered Level 1 of the Pits of Slime
 25124 | Slime:1  | Reached skill level 5 in Slings
 25138 | Slime:1  | Noticed an acid blob
 25141 | Slime:1  | Noticed an acid blob
 25143 | Slime:1  | Killed an acid blob
 25150 | Slime:1  | Killed an acid blob
 25660 | Slime:2  | Noticed an acid blob
 25660 | Slime:2  | Noticed an acid blob
 25734 | Swamp:1  | Entered Level 1 of the Swamp
 26124 | Lair:4   | Gained mutation: You are frail. (-10% HP) [mutagenic glow]
 26937 | Swamp:2  | Noticed Jorgrun
 26948 | Swamp:2  | Killed Jorgrun
 26951 | Swamp:2  | Reached skill level 22 in Axes
 27033 | Swamp:2  | Received a gift from Trog
 28298 | Swamp:4  | Entered Level 4 of the Swamp
 28442 | Swamp:4  | Received a gift from Trog
 28750 | Swamp:4  | Noticed Donald
 28773 | Swamp:4  | Killed Donald
 28971 | Swamp:4  | Reached XP level 18. HP: 152/152 MP: 17/17
 28986 | Swamp:4  | Noticed a tentacled monstrosity
 29240 | Swamp:4  | Got a decaying rune of Zot
 29732 | Vaults:1 | Entered Level 1 of the Vaults
 29825 | Vaults:1 | Received a gift from Trog
 30317 | Vaults:1 | Received a gift from Trog
 30716 | Vaults:1 | Reached skill level 23 in Axes
 31563 | Vaults:2 | Received a gift from Trog
 31572 | Vaults:2 | Got a crystal hunting sling {god gift}
 31573 | Vaults:2 | Identified the +10 hunting sling of Deefe {freeze, rPois rN+ Int+3} (Trog gifted it to you on level 2 of the Vaults)
 32512 | Vaults:2 | Reached XP level 19. HP: 161/161 MP: 18/18
 33096 | Vaults:3 | Received a gift from Trog
 34048 | Vaults:3 | Received a gift from Trog
 34176 | Vaults:3 | Reached skill level 24 in Axes
 34598 | Vaults:3 | Reached skill level 10 in Slings
 34677 | Vaults:3 | Received a gift from Trog
 34764 | Vaults:3 | Found a staircase to the Crypt.
 35055 | Vaults:4 | Found Aloedag's Magic Scroll Shoppe.
 35527 | Vaults:4 | Reached XP level 20. HP: 157/170 MP: 19/19
 35724 | Vaults:4 | Received a gift from Trog
 36123 | Vaults:4 | Received a gift from Trog
 36445 | Vaults:5 | Entered Level 5 of the Vaults
 36448 | Vaults:5 | Noticed an ancient lich
 36484 | Vaults:5 | Received a gift from Trog
 36503 | Vaults:5 | Killed from afar by a lich

Skill      XL: |  1  2  3  4  5  6  7  8  9 10 11 12 13 14 15 16 17 18 19 20 |
---------------+-------------------------------------------------------------+-----
Axes           | 4 5 6 7 8 9 11 13 14 16 17 19 20 21 22 23 24 | 24.7
Fighting       | 4 5 6 7 8 9 11 12 13 14 15 16 17 18 | 18.8
Armour         | 3 4 5 6 8 9 10 12 13 14 15 16 17 18 | 18.6
Dodging        | 3 4 5 6 7 8 9 11 12 13 14 15 16 17 | 17.3
Slings         | 4 7 9 10 11 | 11.1

Action                   |  1- 3 |  4- 6 |  7- 9 | 10-12 | 13-15 | 16-18 | 19-21 || total
-------------------------+-------+-------+-------+-------+-------+-------+-------++-------
Melee: Hand axe          |    79 |   124 |   251 |   323 |       |       |       ||   777
       Headbutt          |    14 |    22 |    56 |   112 |   132 |   258 |   136 ||   730
       Unarmed           |       |     8 |       |       |       |       |       ||     8
       Broad axe         |       |       |       |    71 |       |       |       ||    71
       War axe           |       |       |       |    77 |       |       |       ||    77
       Executioner's axe |       |       |       |    20 |   578 |   864 |   387 ||  1849
 Fire: Fustibalus        |       |       |       |       |    29 |   108 |    18 ||   155
Throw: Tomahawk          |       |    12 |       |    16 |       |       |       ||    28
Invok: Berserk           |       |     4 |     5 |    18 |    21 |    34 |    16 ||    98
       Burn Spellbooks   |       |       |       |     3 |     5 |     1 |     3 ||    12
 Abil: Evoke Blink       |       |       |       |       |     3 |    27 |     1 ||    31
Evoke: Wand              |       |       |       |     5 |     2 |     1 |       ||     8
  Use: Potion            |       |       |     4 |     8 |     5 |     1 |     1 ||    19
       Scroll            |       |       |     1 |    19 |     8 |     9 |     3 ||    40
 Stab: Petrifying        |       |       |       |       |     1 |       |       ||     1
       Petrified         |       |       |       |       |     1 |       |       ||     1
       Distracted        |       |       |       |       |       |     1 |       ||     1
  Eat: Chunk             |       |     8 |     7 |    19 |    33 |    39 |    19 ||   125
       Ration            |       |       |     2 |     5 |     6 |     9 |     2 ||    24
Armor: Ring mail         |    30 |    42 |    25 |       |       |       |       ||    97
       Skin              |       |     1 |       |    39 |       |       |       ||    40
       Scale mail        |       |       |    25 |    42 |       |       |       ||    67
       Chain mail        |       |       |       |    57 |   285 |   421 |    81 ||   844
       Plate armour      |       |       |       |     4 |       |       |       ||     4
Dodge: Dodged            |    52 |    74 |   131 |   304 |   762 |   803 |   206 ||  2332
Block: Other             |       |       |       |       |       |    76 |    48 ||   124
       Reflection        |       |       |       |       |       |     4 |    10 ||    14
